 Dungeon Crawl Stone Soup version 0.27.1-33-g824d729ab1 (webtiles) character file.

Game seed: 17916327641632398383

3880 zeram the Basher (level 10, -4/88 HPs)
             Began as a Troll Fighter on Nov 25, 2021.
             Was an Initiate of Gozag.
             Killed by divine providence
             ... invoked by an orc priest
              (8 damage)
             ... on level 7 of the Dungeon.
             The game lasted 00:12:50 (5692 turns).

zeram the Basher (Troll Fighter)                    Turns: 5692, Time: 00:12:51

Health: -4/88      AC: 10    Str: 25 (26) XL:     10   Next: 0%
Magic:  0/9        EV:  9    Int:  7      God:    Gozag
Gold:   834        SH:  9    Dex:  9      Spells: 9/9 levels left

rFire    + . .     SeeInvis .   a - +2 flail
rCold    . . .     Faith    .   c - +1 kite shield
rNeg     . . .     Spirit   +   m - +2 robe {Will+}
rPois    .         Reflect  .   (helmet restricted)
rElec    .         Harm     .   (no cloak)
rCorr    .         Rampage  .   (gloves unavailable)
Will     +....                  (boots unavailable)
Stlth    +.........             o - amulet of guardian spirit
HPRegen  1.24/turn              k - ring of protection from fire
MPRegen  0.11/turn              r - +4 ring of protection

@: gold aura
A: large, unfitting armour, claws 3, regeneration 1, shaggy fur 1, tough skin 1
a: Renounce Religion, Potion Petition, Call Merchant, Bribe Branch


You were on level 7 of the Dungeon.
You worshipped Gozag.
Gozag was pleased with you.
You visited 2 branches of the dungeon, and saw 8 of its levels.

You collected 864 gold pieces.
You paid 30 gold pieces to Gozag.

Inventory:

Hand Weapons
 a - a +2 flail (weapon)
Missiles
 i - 3 curare-tipped darts (quivered)
Armour
 b - a +0 robe
 c - a +1 kite shield (worn)
 m - a +2 robe of willpower (worn)
Jewellery
 k - a ring of protection from fire (left claw)
 l - a ring of wizardry
 o - an amulet of guardian spirit (around neck)
 q - a ring of positive energy
 r - a +4 ring of protection (right claw)
Wands
 j - a wand of iceblast (22)
 p - a wand of polymorph (5)
Scrolls
 h - 2 scrolls of noise
 n - 2 scrolls of identify
Potions
 d - 2 potions of attraction


   Skills:
 - Level 2.4 Fighting
 + Level 10.6 Maces & Flails
 + Level 7.7 Dodging
 - Level 2.4 Shields


You had 9 spell levels left.
You didn't know any spells.
Your spell library contained the following spells:

 Spells                   Type           Power      Damage    Failure   Level
 Corona                   Hex            0%         N/A       88%         1
 Ensorcelled Hibernation  Hex/Ice        0%         N/A       96%         2
 Static Discharge         Conj/Air       0%         N/A       96%         2
 Conjure Flame            Conj/Fire      0%         6-21      99%         3
 Ignite Poison            Fire/Tmut/Pois 0%         N/A       99%         3
 Portal Projectile        Hex/Tloc       0%         N/A       99%         3
 Tukima's Dance           Hex            0%         N/A       99%         3
 Dispel Undead            Necr           0%         3d6       100%        4
 Sticky Flame             Conj/Fire      0%         2d3       100%        4
 Blade Hands              Tmut           0%         N/A       100%        5
 Excruciating Wounds      Necr           0%         N/A       100%        5


Dungeon Overview and Level Annotations

Branches:
Dungeon (7/15)             Temple (1/1) D:4

Altars:
Cheibriados
Dithmenos
Elyvilon
Fedhas
Gozag
Hepliaklqana
Kikubaaqudgha
Makhleb
Nemelex Xobeh
Okawaru
Qazlal
Ru
Trog
Uskayaw
Vehumet
Wu Jian
Xom
Yredelemnul
Zin
The Shining One

Shops:
D:1 ?*:   D:4 *(


Innate Abilities, Weirdness & Mutations

You are too large for most types of armour.
You have claws for hands.
Your natural rate of healing is unusually fast.
You are covered in fur. (AC +1)
You have tough skin. (AC +1)


Message History

The slime creature is almost dead.
The slime creature hits you!
* * * LOW HITPOINT WARNING * * *
You hit the slime creature but do no damage.
The slime creature is almost dead.
The slime creature misses you.
You hit the slime creature.
You kill the slime creature!
The killer bee barely misses you.
You have reached level 10!
Okay, then.
Okay, then.
Unknown command.
As you read the scroll of enchant weapon, it crumbles to dust.
Your +1 flail glows red for a moment.
You block the killer bee's attack.
The killer bee stings you but does no damage.
You closely miss the killer bee.
The killer bee is moderately wounded.
The killer bee stings you.
* * * LOW HITPOINT WARNING * * *
The killer bee barely misses you.
Unknown command.
You barely miss the killer bee.
The killer bee is moderately wounded.
You block the killer bee's attack.
The killer bee stings you but does no damage.
Unknown command.
You closely miss the killer bee.
The killer bee is moderately wounded.
You block the killer bee's attack. The killer bee barely misses you.
The orc priest calls down the wrath of Beogh upon you.
Beogh smites you!
* * * LOW HITPOINT WARNING * * *
You miss the killer bee.
The killer bee is moderately wounded.
The killer bee closely misses you. x2
The orc priest calls down the wrath of Beogh upon you.
Beogh smites you!
You die...
Your body crumbles into a pile of gold.

#.....#
#.#####.....#
#.......)...#
#........####
#.......o#
#......Yy#
#.######y# #
#y# #@# #.#
#.# #.# #.#
#.# #.# #.#


You could see a sky beast, 3 killer bees and an orc priest.

Vanquished Creatures
  A slime creature (D:7)
  9 yaks
  A steam dragon (D:5)
  A black bear (D:3)
  An orc warrior (D:7)
  A hornet zombie (D:4)
  4 necrophages
  2 ogres
  2 sky beasts
  A centaur (D:6)
  A kobold brigand (D:6)
  4 scorpions
  A water moccasin zombie (D:6)
  A water moccasin skeleton (D:4)
  5 wights
  A howler monkey (D:6)
  An electric eel (D:6)
  A bullfrog zombie (D:5)
  2 orc priests (D:6)
  6 hounds
  A bullfrog skeleton (D:6)
  A centaur skeleton (D:7)
  Ijyb (D:3)
  2 iguanas
  A howler monkey skeleton (D:5)
  3 gnolls (D:5)
  3 adders
  An ufetubus (D:5)
  2 worms (D:5)
  3 dart slugs
  5 orcs
  8 ball pythons
  4 endoplasms
  A giant cockroach (D:1)
  16 goblins
  3 hobgoblins
  6 jackals
  5 quokkas
  9 bats
  2 frilled lizards
  7 kobolds
  3 rats
133 creatures vanquished.

Vanquished Creatures (others)
  An orc (D:6)
  A kobold (D:5)
2 creatures vanquished.

Grand Total: 135 creatures vanquished

Notes
Turn   | Place    | Note
-------+----------+-------------------------------------------
     0 | D:1      | zeram the Troll Fighter began the quest for the Orb.
     0 | D:1      | Reached XP level 1. HP: 22/22 MP: 0/0
   190 | D:1      | Reached skill level 2 in Maces & Flails
   210 | D:1      | Reached XP level 2. HP: 29/29 MP: 1/1
   464 | D:1      | Found Xiucud's Magic Scroll Shoppe.
   589 | D:1      | Found Unong's Book Boutique.
   644 | D:1      | Reached XP level 3. HP: 36/36 MP: 2/2
   675 | D:1      | Found Odarikkeps's General Store.
  1209 | D:2      | Found a faded altar of an unknown god.
  1539 | D:3      | Noticed Ijyb
  1567 | D:3      | Killed Ijyb
  1568 | D:3      | Reached skill level 3 in Maces & Flails
  1568 | D:3      | Reached XP level 4. HP: 43/44 MP: 3/3
  1801 | D:3      | Found a hazy altar of Hepliaklqana.
  1802 | D:3      | Found a shimmering altar of Xom.
  1803 | D:3      | Noticed a spectral ugly thing
  1845 | D:3      | Noticed a black bear
  1856 | D:3      | Killed a black bear
  1857 | D:3      | Reached XP level 5. HP: 32/50 MP: 4/4
  1903 | D:3      | Reached skill level 4 in Maces & Flails
  2436 | D:4      | Found a staircase to the Ecumenical Temple.
  2478 | D:4      | Reached XP level 6. HP: 49/59 MP: 5/5
  2511 | D:4      | Found Furevio's Weapon Boutique.
  2640 | D:4      | Reached skill level 5 in Maces & Flails
  2867 | D:4      | Found Wenor's Neck Hole.
  2901 | D:4      | Reached XP level 7. HP: 53/66 MP: 6/6
  2911 | Temple   | Entered the Ecumenical Temple
  3013 | Temple   | Became a worshipper of Gozag Ym Sagoz the Greedy
  3172 | D:5      | Entered Level 5 of the Dungeon
  3324 | D:5      | Reached skill level 5 in Dodging
  3596 | D:5      | Noticed a yak
  3596 | D:5      | Noticed a yak
  3599 | D:5      | Noticed a yak
  3601 | D:5      | Noticed a yak
  3612 | D:5      | Killed a yak
  3613 | D:5      | Reached skill level 6 in Maces & Flails
  3624 | D:5      | Noticed a yak
  3644 | D:5      | Killed a yak
  3645 | D:5      | Reached XP level 8. HP: 25/74 MP: 7/7
  3659 | D:5      | Reached skill level 7 in Maces & Flails
  3996 | D:5      | Reached skill level 8 in Maces & Flails
  4308 | D:6      | Reached XP level 9. HP: 76/78 MP: 8/8
  4330 | D:6      | Reached skill level 9 in Maces & Flails
  4523 | D:6      | Reached skill level 10 in Maces & Flails
  5199 | D:6      | Found a stormy altar of Qazlal.
  5228 | D:6      | Found a radiant altar of Vehumet.
  5551 | D:7      | Found a glowing golden altar of the Shining One.
  5688 | D:7      | Reached XP level 10. HP: 13/88 MP: 1/9
  5691 | D:7      | HP: 3/88 [orc priest/divine providence (10)]
  5692 | D:7      | Killed from afar by an orc priest

Illustrated notes

Levels and vault maps discovered:
D:1:      kilobyte_arrival_exit_the_forest, layout_loops_corners, serial_shops,
          nicolae_shop_behind_doors, shop_scrolls, shop, serial_bayou_pond_a,
          minmay_curled_crystal
D:2:      layout_rooms, hellmonk_ecumenical_altar_pennies_from_heaven
D:3:      kennysheep_goblin_castle, layout_basic, regret_index_temple_of_mockery
D:4:      layout_loops_ring, temple_pool_b, serial_shops,
          nicolae_shop_waterfront, nicolae_shop_sticking_my_neck_out
D:5:      layout_basic, serial_rivers, chequers_serial_rivers_small_b,
          chequers_serial_rivers_small_b, chequers_serial_rivers_micro_c,
          chequers_serial_rivers_room_a, chequers_serial_rivers_micro_c,
          chequers_serial_rivers_micro_d, minmay_misc_feat_tower
D:6:      layout_cave_pools, mainiacjoe_overflow_alcove_2,
          nicolae_qazlal_general_emergency, nicolae_water_bricks, uniq_maggie
D:7:      layout_basic, kennysheep_little_box, enter_bailey_2,
          minmay_manual_mess
Temple:   regret_index_temple_waves

Skill      XL: |  1  2  3  4  5  6  7  8  9 |
---------------+----------------------------+-----
Maces & Flails | 2 3 4 5 6 8 10 | 10.6
Dodging        | 3 4 5 6 7 |  7.7
Fighting       | |  2.4
Shields        | |  2.4

Action                   |  1- 3 |  4- 6 |  7- 9 | 10-12 || total
-------------------------+-------+-------+-------+-------++-------
Melee: Flail             |   162 |   119 |   430 |     4 ||   715
Throw: Dart              |     2 |       |     1 |       ||     3
  Use: Scroll            |       |     4 |     7 |     1 ||    12
       Potion            |       |     1 |     7 |       ||     8
 Stab: Sleeping          |       |     1 |       |       ||     1
       Distracted        |       |       |     3 |       ||     3
Armor: Robe              |    77 |    46 |   158 |     2 ||   283
Dodge: Dodged            |    83 |    55 |   182 |     4 ||   324
Block: Kite shield       |    83 |    68 |   226 |     3 ||   380
